 Dungeon Crawl Stone Soup version 0.20.1-1-g8b1a95d (webtiles) character file.

42 Monsterracer the Conjurer (level 3, 0/26 HPs)
             Began as a Draconian Wizard on Sept 2, 2017.
             Succumbed to an adder's poison
             ... on level 2 of the Dungeon.
             The game lasted 00:03:55 (1897 turns).

Monsterracer the Conjurer (Draconian Wizard)        Turns: 1897, Time: 00:03:55

Health: 0/26       AC:  5    Str:  9    XL:     3   Next: 33%
Magic:  2/7        EV: 12    Int: 19    God:
Gold:   204        SH:  0    Dex:  9    Spells: 1/8 levels left

rFire    + . .     SeeInvis .   e - +0 short sword
rCold    + . .     Gourm    .   (no shield)
rNeg     . . .     Faith    .   (armour unavailable)
rPois    .         Spirit   .   a - +0 hat
rElec    .         Reflect  .   h - scarf {rC+ rF+}
rCorr    .         Harm     .   (no gloves)
MR       .....                  (no boots)
Stlth    ++........             (no amulet)
Regen    0.1/turn               j - ring of flight
MPRegen  0.1/turn               (no ring)

@: lethally poisoned (0 -> -1), very slightly contaminated, invisible (expiring)
A: unfitting armour, mutation resistance 1, cold-blooded, AC +5
a: Evoke Flight


You were on level 2 of the Dungeon.
You were not hungry.

You visited 1 branch of the dungeon, and saw 2 of its levels.

You collected 204 gold pieces.

Inventory:

Hand Weapons
 e - a +0 short sword (weapon)
Armour
 a - a +0 hat (worn)
 h - a scarf of resistance (worn)
Jewellery
 j - a ring of flight (left hand)
Scrolls
 d - 3 scrolls of remove curse
 f - a scroll of fog {unknown}
 k - a scroll of amnesia {unknown}
Books
 b - a book of Minor Magic

   Spells                             Type                      Level
   a - Magic Dart                     Conjuration                  1
   b - Blink                          Translocation                2
   c - Call Imp                       Summoning                    2
   d - Slow                           Hexes                        2
   e - Conjure Flame                  Conjuration/Fire             3
   f - Mephitic Cloud                 Conjuration/Poison/Air       3
Comestibles
 c - a bread ration


   Skills:
 - Level 1.7 Dodging
 - Level 1.7 Stealth
 - Level 3.0 Spellcasting
 + Level 3.3 Conjurations
   Level 1.0 Summonings
   Level 1.0 Translocations


You had one spell level left.
You knew the following spells:

 Your Spells              Type           Power        Failure   Level  Hunger
a - Magic Dart            Conj           ###.         4%          1    None
b - Conjure Flame         Conj/Fire      #.......     24%         3    ###....
c - Mephitic Cloud        Conj/Pois/Air  #.......     28%         3    ###....


Dungeon Overview and Level Annotations

Branches:
Dungeon (2/15)

Altars:


Innate Abilities, Weirdness & Mutations

Your plain brown scales are hard. (AC +5)
You cannot fit into any form of body armour.
You are cold-blooded and may be slowed by cold attacks.
You are somewhat resistant to further mutation.


Message History

* * * LOW HITPOINT WARNING * * *
You feel sick.
Unknown command.
Huge Dmg: -4%(-1hp) hp: 12%(3hp) Unknown command.
Unknown command.
Unknown command.
* * * LOW HITPOINT WARNING * * *
You feel sick.
Huge Dmg: -4%(-1hp) hp: 8%(2hp) Unknown command.
* * * LOW HITPOINT WARNING * * *
You feel sick.
Huge Dmg: -4%(-1hp) hp: 4%(1hp)
You flicker for a moment.
* * * LOW HITPOINT WARNING * * *
You feel sick.
Huge Dmg: -4%(-1hp) hp: 4%(1hp) Unknown command.
You die...

#.# #..#...#####.###.# #>#
##.#..## #.# #.##
######.#########.#..# #.# #...
.....<.##...)...)...# #.# ###.
.########.######.#.## #.#####.
.## #.# #.#.# #.[..... ..# #.#
#.#.#############. ..#
##.######..........# #.
..######........@..######.######.
..........########## #........
.########.# ######### .# #.# .#
#.# (# #.# .# #.# .# .# .#


There were no monsters in sight!

Vanquished Creatures
  An adder (D:2)
  2 leopard geckos (D:2)
  2 giant cockroaches (D:1)
  3 goblins (D:1)
  3 hobgoblins
  3 jackals (D:1)
  3 bats
  7 kobolds
  5 rats (D:1)
  A bush (D:1)
  A plant (D:1)
31 creatures vanquished.

Notes
Turn   | Place    | Note
-------+----------+-------------------------------------------
     0 | D:1      | Monsterracer the Draconian Wizard began the quest for the Orb.
     0 | D:1      | Reached XP level 1. HP: 14/14 MP: 4/4
   209 | D:1      | Reached XP level 2. HP: 15/20 MP: 1/6
   215 | D:1      | HP: 10/20 [goblin (1)]
   225 | D:1      | HP: 10/20 [bat (1)]
   231 | D:1      | HP: 6/20 [jackal (3)]
  1674 | D:2      | Reached XP level 3. HP: 26/26 MP: 4/7
  1687 | D:2      | Learned a level 3 spell: Conjure Flame
  1691 | D:2      | Learned a level 3 spell: Mephitic Cloud
  1866 | D:2      | HP: 12/26 [adder (5)]
  1871 | D:2      | HP: 7/26 [poisoned by an adder]
  1872 | D:2      | Gained mutation: You are somewhat resistant to further mutation. [potion of mutation]
  1877 | D:2      | HP: 4/26 [poisoned by an adder]
  1882 | D:2      | HP: 3/26 [poisoned by an adder]
  1889 | D:2      | HP: 1/26 [poisoned by an adder]
  1897 | D:2      | Succumbed to an adder's poison

Skill      XL: |  1  2 |
---------------+-------+-----
Conjurations   | 2 3 |  3.3
Dodging        | |  1.7
Stealth        | |  1.7
Spellcasting   | |  3.0
Summonings     | |  1.0
Translocations | |  1.0

Action                   || total
-------------------------++-------
Melee: Hand axe          ||    24
       Tailslap          ||    49
       Short sword       ||   271
       Dagger            ||    18
 Cast: Magic Dart        ||    59
  Use: Scroll            ||     1
       Potion            ||     2
  Eat: Bread ration      ||     1
Armor: Skin              ||    20
Dodge: Dodged            ||    68
